 Dungeon Crawl Stone Soup version 0.30-a0-862-g1aabd4f9c5 (webtiles) character file.

Game seed: 14093666956242784173

15642 RepoMan the Destroyer (level 12, -7/110 (115) HPs)
             Began as a Troll Conjurer on Mar 9, 2023.
             Was a Priest of Vehumet.
             Mangled by a death yak (23 damage)
             ... on level 2 of the Lair of Beasts.
             The game lasted 01:40:13 (18669 turns).

RepoMan the Destroyer (Troll Conjurer)             Turns: 18669, Time: 01:40:13

HP:   -7/110 (115)  AC:  8    Str: 18    XL:     12   Next: 3%
MP:   17/17         EV: 10    Int: 24    God:    Vehumet [***...]
Gold: 453           SH:  0    Dex:  8    Spells: 1/19 levels left

rFire   . . .      SeeInvis .    (no weapon)
rCold   . . .      Faith    .    (no shield)
rNeg    . . .      Spirit   .    K - +0 acid dragon scales
rPois   +          Reflect  .    g - +0 hat {Stlth+}
rElec   .          Rampage  .    (no cloak)
rCorr   +                        (gloves unavailable)
Will    .....                    (boots unavailable)
Stlth   ++                       q - amulet of the acrobat
HPRegen 1.18/turn                A - +6 ring of intelligence
MPRegen 0.15/turn                r - ring of poison resistance

@: lightly drained
A: large, unfitting armour, claws 3, regeneration 1, shaggy fur 1, tough skin 1
a: Renounce Religion


You were on level 2 of the Lair of Beasts.
You worshipped Vehumet.
Vehumet was most pleased with you.
You visited 3 branches of the dungeon, and saw 13 of its levels.

You collected 775 gold pieces.
You spent 322 gold pieces at shops.

Inventory:

Missiles
 e - 107 stones
 s - 4 curare-tipped darts
Armour
 g - a +0 hat of stealth (worn)
 K - +0 acid dragon scales (worn)
Jewellery
 k - a ring of wizardry
 m - a ring of willpower
 q - an amulet of the acrobat (around neck)
 r - a ring of poison resistance (right claw)
 A - a +6 ring of intelligence (left claw)
 C - a ring of see invisible
Wands
 u - a wand of polymorph (13)
 D - a wand of flame (14)
Scrolls
 h - 2 scrolls of noise
 i - a scroll of acquirement {unknown}
 j - 2 scrolls of amnesia
 l - 3 scrolls of silence
 o - 3 scrolls of vulnerability {unknown}
 t - 2 scrolls of magic mapping {unknown}
 y - 2 scrolls of immolation
 B - a scroll of enchant weapon {unknown}
 E - a scroll of fog {unknown}
 F - a scroll of enchant armour {unknown}
 I - a scroll of blinking {unknown}
Potions
 a - a potion of brilliance
 c - 2 potions of might
 d - a potion of attraction
 f - a potion of curing
 v - a potion of invisibility {unknown}
 J - a potion of berserk rage {unknown}
 L - 3 potions of mutation
 M - a potion of magic
 N - a potion of flight {unknown}
 O - a potion of resistance {unknown}


   Skills:
 + Level 6.9 Fighting
 - Level 6.6 Dodging
 - Level 1.0 Stealth
 + Level 4.0 Spellcasting
 * Level 11.4 Conjurations
 - Level 1.1 Hexes
 - Level 3.3 Poison Magic


You had one spell level left.
You knew the following spells:

 Your Spells              Type           Power      Damage    Failure   Level
a - Stone Arrow           Conj/Erth      64%        3d11      1%          3
c - Mephitic Cloud        Conj/Pois/Air  28%        N/A       1%          3
e - Searing Ray           Conj           100%       2d8       1%          2
f - Dazzling Flash        Conj/Hex       68%        N/A       1%          3
p - Fulminant Prism       Conj/Hex       17%        3d10      2%          4
q - Magic Dart            Conj           100%       1d8       1%          1
v - Poisonous Vapours     Pois/Air       24%        N/A       2%          2

Your spell library contained the following spells:

 Spells                   Type           Power      Damage    Failure   Level
 Freeze                   Ice            16%        1d4       3%          1
 Sting                    Tmut/Pois      48%        1d5       7%          1
 Hailstorm                Conj/Ice       32%        3d8       1%          3
 Iskenderun's Mystic Bla  Conj/Tloc      32%        2d8       3%          4
 Frozen Ramparts          Ice            8%         1d2       11%         3
 Cigotuvi's Dreadful Rot  Necr/Pois/Air  20%        N/A       12%         2
 Ensorcelled Hibernation  Hex/Ice        14%        N/A       16%         2
 Blink                    Tloc           8%         N/A       19%         2
 Passwall                 Tmut/Erth      3%         N/A       19%         2
 Ozocubu's Armour         Ice            4%         N/A       36%         3
 Swiftness                Air            4%         N/A       36%         3
 Yara's Violent Unravell  Hex/Tmut       3%         3d4       54%         5
 Ice Form                 Ice/Tmut       4%         N/A       77%         4
 Manifold Assault         Tloc           4%         N/A       77%         4
 Summon Ice Beast         Ice/Summ       4%         N/A       77%         4
 Summon Mana Viper        Hex/Summ       7%         N/A       96%         5
 Summon Forest            Summ/Tloc      2%         N/A       98%         5
 Summon Cactus Giant      Summ           2%         N/A       100%        6
 Enfeeble                 Hex            5%         N/A       100%        7
 Ozocubu's Refrigeration  Ice            2%         4d7       100%        7
 Storm Form               Tmut/Air       2%         N/A       100%        7


Dungeon Overview and Level Annotations

Branches:
Dungeon (10/15)            Temple (1/1) D:7            Lair (2/5) D:10
  Swamp: Lair:2-3    Shoals: Lair:2-3     Snake: Lair:2-3    Spider: Lair:2-3
    Orc: D:9-12

Altars:
Ashenzari
Cheibriados
Dithmenos
Elyvilon
Fedhas
Gozag
Hepliaklqana
Makhleb
Okawaru
Ru
Sif Muna
Trog
Vehumet
Wu Jian
Xom
Zin
The Shining One
Jiyva

Shops:
D:5 (   D:10 !

Annotations:
D:5 Duvessa
Lair:1 3 runed translucent doors, exclusion: 2 downstairs, Zigma's ghost, journeyman DrMo


Innate Abilities, Weirdness & Mutations

You are too large for most types of armour.
You have claws for hands.
Your natural rate of healing is unusually fast.
You are covered in fur. (AC +1)
You have tough skin. (AC +1)


Message History

The ice devil hits the plant.
The ice devil freezes the plant!!
Okay, then.
Okay, then.
Okay, then.
As you read the scroll of teleportation, it crumbles to dust.
You feel strangely unstable. The ice devil barely misses you.
The ice devil hits the plant.
The ice devil freezes the plant!
Casting: Stone Arrow (safe; 1% risk of failure)
Confirm with . or Enter, or press ? or * to list all spells.
Aiming: Stone Arrow (safe; 1% risk of failure)
Press: ? - help, Shift-Dir - straight line, f/p - ice devil
Aim: an ice devil (moderately wounded, 76% to hit)
You feel a surge of power!
The stone arrow hits the ice devil!!
You kill the ice devil!
Vehumet accepts your kill.
You feel your power returning.
A nearby plant withers and dies.
The ice devil attacks as you move away! The ice devil hits you!
* * * LOW HITPOINT WARNING * * *
The ice devil freezes you!
* * * LOW HITPOINT WARNING * * *
Your surroundings suddenly seem different.
An iguana, a bullfrog and 2 death yaks come into view.
The iguana hisses angrily.
Okay, then.
Okay, then.
Okay, then.
Okay, then.
Okay, then.
Unknown command.
Unknown command.
It was a potion of ambrosia.
You are confused.
You feel invigorated.
The water moccasin hisses angrily.
The death yak bellows! x3
It was a potion of cancellation.
Your magical effects are unravelling.
You feel magically purged.
You feel less invigorated.
You feel less confused.
You feel a little less clever now. The death yak gores you!!
You die...

.#.. #.### .....## ## ###
# ###..#..##.## .
....##.....# .#
...........##...
#...S...........
#.#.........#.#.
#..#...YY.......
##.P#...@Y#...... # ##
#..##..l#........
~##~######.##..###...###.
~~~....###......##....#
≈S≈~~.......##........#
~≈≈≈~~..##..###>......#
≈≈≈≈≈~..##.<†...Y.#.....
~.S≈≈~.###.#.÷..### ...#
.>~≈≈~~# ####..## #.#


You could see 3 death yaks, a water moccasin and an iguana.

Vanquished Creatures
  Gastronok (Lair:1)
  A catoblepas (Lair:1)
  Erica (D:8)
  2 boulder beetles (Lair:1)
  A two-headed ogre (D:10)
  A guardian serpent (Lair:1)
  A black mamba (Lair:1)
  An unseen horror (D:10)
  3 komodo dragons
  Psyche (D:10)
  An ice devil (Lair:2)
  A hornet (D:8)
  Prince Ribbit (D:5)
  Eustachio (D:4)
  A shadow (D:10)
  5 wyverns
  A fire bat (D:8)
  19 yaks
  A basilisk (D:10)
  Grum (D:8)
  2 steam dragons (D:10)
  An acid dragon (D:10)
  4 water moccasins
  3 orc warriors
  An ice beast (D:7)
  A sky beast (D:5)
  2 black bears
  8 wolves
  4 ogres
  5 centaurs
  2 phantoms
  A gnoll sergeant (D:8)
  2 bullfrogs
  Blork the orc (D:5)
  3 scorpions
  8 killer bees
  An electric eel (Lair:1)
  2 howler monkeys (D:8)
  3 hounds
  2 jellies (D:5)
  2 quasits (D:4)
  7 orc priests
  2 sleepcaps
  4 hell rats
  6 iguanas
  2 orc wizards (D:9)
  7 gnolls
  9 adders
  2 shadow imps
  2 white imps
  2 ufetubi (D:4)
  3 worms
  3 dart slugs
  29 orcs
  8 endoplasms
  14 giant cockroaches
  8 goblins
  7 hobgoblins
  3 jackals (D:1)
  A quokka (D:3)
  8 ball pythons
  9 bats
  5 frilled lizards
  9 kobolds
  6 rats
259 creatures vanquished.

Vanquished Creatures (collateral kills)
  A killer bee (D:9)
1 creature vanquished.

Vanquished Creatures (others)
  2 demonic plants (D:4)
  13 fulminant prisms
  16 fungi
  15 plants
46 creatures vanquished.

Grand Total: 306 creatures vanquished

Notes
Turn   | Place    | Note
-------+----------+-------------------------------------------
     0 | D:1      | RepoMan the Troll Conjurer began the quest for the Orb.
     0 | D:1      | Reached XP level 1. HP: 16/16 MP: 1/1
    77 | D:1      | Reached skill level 3 in Conjurations
   394 | D:1      | Reached XP level 2. HP: 24/24 MP: 0/2
   402 | D:1      | Learned a level 2 spell: Searing Ray
  1151 | D:1      | Found a faded altar of an unknown god.
  1169 | D:1      | Got Plato's Folio of Shaping
  1189 | D:1      | Reached XP level 3. HP: 31/31 MP: 0/3
  1862 | D:1      | Reached skill level 4 in Conjurations
  2200 | D:2      | Reached XP level 4. HP: 39/39 MP: 1/4
  2204 | D:2      | Learned a level 2 spell: Poisonous Vapours
  3351 | D:3      | Found a shimmering altar of Xom.
  3551 | D:3      | Reached skill level 1 in Poison Magic
  3551 | D:3      | Reached XP level 5. HP: 45/45 MP: 0/5
  4694 | D:4      | Reached skill level 5 in Conjurations
  4996 | D:4      | Reached XP level 6. HP: 53/53 MP: 0/6
  5073 | D:4      | Found a blossoming altar of Fedhas.
  5577 | D:4      | Noticed Eustachio
  5634 | D:4      | Killed Eustachio
  5635 | D:4      | Reached XP level 7. HP: 50/59 MP: 0/8
  5824 | D:4      | Identified the +1 leather armour of Novan {rCorr Str+3}
  5859 | D:4      | Learned a level 3 spell: Mephitic Cloud
  6186 | D:5      | Entered Level 5 of the Dungeon
  6192 | D:5      | Reached skill level 6 in Conjurations
  6558 | D:5      | Found a glowing silver altar of Zin.
  6580 | D:5      | Noticed Dowan
  6583 | D:5      | Dowan changed into Dowan the scorpion
  6583 | D:5      | Noticed Dowan
  6592 | D:5      | Killed Dowan the scorpion
  6663 | D:5      | Noticed Duvessa
  6669 | D:5      | Duvessa changed into Duvessa the cane toad
  6669 | D:5      | Noticed Duvessa
  6807 | D:5      | Reached XP level 8. HP: 35/67 MP: 0/10
  6906 | D:5      | Found Lupec's Antique Weapon Shop.
  6978 | D:5      | Noticed Prince Ribbit
  6987 | D:5      | Killed Prince Ribbit
  7096 | D:5      | Reached skill level 7 in Conjurations
  7251 | D:5      | Found an opulent altar of Gozag.
  7278 | D:5      | Noticed Blork the orc
  7289 | D:5      | Killed Blork the orc
  7308 | D:5      | Reached skill level 1 in Fighting
  8791 | D:7      | Learned a level 3 spell: Dazzling Flash
  8970 | D:7      | Found a staircase to the Ecumenical Temple.
  8984 | Temple   | Entered the Ecumenical Temple
  8994 | Temple   | Became a worshipper of Vehumet
  9170 | D:7      | Reached XP level 9. HP: 79/79 MP: 2/11
  9682 | D:7      | Reached skill level 8 in Conjurations
 10341 | D:8      | Noticed Grum
 10341 | D:8      | Noticed Erica
 10354 | D:8      | Killed Erica
 10500 | D:8      | Killed Grum
 10762 | D:8      | Reached * piety under Vehumet
 10762 | D:8      | Offered knowledge of Freeze by Vehumet.
 10775 | D:8      | Reached XP level 10. HP: 57/92 MP: 0/13
 11200 | D:8      | Reached skill level 9 in Conjurations
 12281 | D:9      | Learned a level 4 spell: Fulminant Prism
 12921 | D:10     | Entered Level 10 of the Dungeon
 13112 | D:10     | Noticed a two-headed ogre
 13120 | D:10     | Killed a two-headed ogre
 13121 | D:10     | Reached skill level 5 in Dodging
 13121 | D:10     | Reached skill level 1 in Hexes
 13396 | D:10     | Found a shadowy altar of Dithmenos.
 13399 | D:10     | Found an iron altar of Okawaru.
 13402 | D:10     | Found a burning altar of Makhleb.
 13698 | D:10     | Noticed Psyche
 13895 | D:10     | Reached skill level 5 in Fighting
 14069 | D:10     | Killed Psyche
 14152 | D:10     | Reached skill level 10 in Conjurations
 14373 | D:10     | Offered knowledge of Static Discharge by Vehumet.
 14409 | D:10     | Found a staircase to the Lair.
 14432 | D:10     | Reached ** piety under Vehumet
 14711 | D:10     | Reached XP level 11. HP: 70/104 MP: 0/14
 14993 | D:10     | Found a snail-covered altar of Cheibriados.
 15209 | D:10     | Found Lisykaesic's Distillery.
 15221 | D:10     | Bought a potion of mutation for 112 gold pieces
 15221 | D:10     | Bought a potion of magic for 112 gold pieces
 15221 | D:10     | Bought a potion of brilliance for 56 gold pieces
 15221 | D:10     | Bought a potion of lignification for 42 gold pieces
 16004 | Lair:1   | Entered Level 1 of the Lair of Beasts
 16141 | Lair:1   | Noticed Gastronok
 16149 | Lair:1   | Killed Gastronok
 16800 | Lair:1   | Found a runed translucent gate.
 16800 | Lair:1   | Found a runed translucent gate.
 16800 | Lair:1   | Found a runed translucent gate.
 16802 | Lair:1   | Noticed Zigma's ghost (journeyman DrMo)
 16855 | Lair:1   | Noticed a catoblepas
 17162 | Lair:1   | Offered knowledge of Stone Arrow by Vehumet.
 17167 | Lair:1   | Noticed a boulder beetle
 17184 | Lair:1   | Killed a catoblepas
 17185 | Lair:1   | Reached skill level 11 in Conjurations
 17224 | Lair:1   | Killed a boulder beetle
 17502 | Lair:1   | Noticed a boulder beetle
 17519 | Lair:1   | Killed a boulder beetle
 17661 | Lair:1   | Found the +3 pair of seven-league boots {Rampage+∞}
 17960 | Lair:1   | Found a viscous altar of Jiyva.
 17987 | Lair:2   | Reached *** piety under Vehumet
 18082 | Lair:2   | Noticed a death yak
 18140 | Lair:2   | Noticed a death yak
 18140 | Lair:2   | Noticed a death yak
 18140 | Lair:2   | Noticed a death yak
 18140 | Lair:2   | Noticed a seven-headed hydra
 18431 | Lair:1   | Reached XP level 12. HP: 97/108 MP: 7/17
 18560 | Lair:2   | Learned a level 3 spell: Stone Arrow
 18664 | Lair:2   | HP: 1/110 [ice devil (10)]
 18666 | Lair:2   | Noticed a death yak
 18666 | Lair:2   | Noticed a death yak
 18669 | Lair:2   | Mangled by a death yak

Illustrated notes

Levels and vault maps discovered:
D:1:      erik_arrival_cave_to_civilisation [erik_arrival_cave_to_hall],
          layout_basic, shapermc_ecumenical_altar_rom_forum, minmay_ruptured
D:2:      layout_basic, amcnicky_mini_pool_small, chequers_garden,
          kennysheep_decorative_pillar
D:3:      minmay_roachtagon, layout_loops_ring, mainiacjoe_overflow_alcove_1
D:4:      layout_loops_ring, old_standard_altar, serial_demonic,
          serial_demonic_c, serial_demonic_c, serial_demonic_d,
          serial_demonic_b, uniq_eustachio
D:5:      layout_loops_ring, zin_academy,
          nicolae_gozag_cash_rules_everything_around_me, serial_shops,
          nicolae_inconvenience_store, uniq_prince_ribbit1, uniq_blork_the_orc,
          uniq_duvessa
D:6:      layout_loops_ring, amethyst_killhole, serial_bayou_crossing
D:7:      layout_basic, minmay_temple_entry_ruins, serial_co_window_serial,
          co_window_of_opportunity_a, co_window_paths_a, co_window_paths_a,
          co_window_paths_a, co_window_corner_a, co_window_corner_a,
          co_window_paths_a, co_window_broadway_a, co_window_corner_b,
          co_window_corner_ca, co_window_corner_cb, co_window_paths_c,
          co_window_broadway_c, co_window_4corner_b
D:8:      layout_basic, nicolae_fountain_basement, uniq_erica, uniq_grum
D:9:      layout_small_grid, dreamdust_princess_bridge
D:10:     layout_basic, cheibrodos_worm_habitat, grunt_temple_overflow_diamond,
          erik_lair_dragon, serial_shops, shop, grunt_ministairs_15,
          dreamdust_mushroom_princess, small_statue_alley_a, uniq_psyche
Temple:   nicolae_temple_two_arcs
Lair:1:   layout_regular_city, gammafunk_ghost_ooze,
          hellmonk_guarded_unrand_seven_league_boots, infiniplex_staircase_pool,
          uniq_gastronok
Lair:2:   layout_loops_ring, minmay_swamp_entry_reptiles,
          portal_ice_cave_demonic_guard, infiniplex_staircase_pool_2

Skill      XL: |  1  2  3  4  5  6  7  8  9 10 11 |
---------------+----------------------------------+-----
Conjurations   | 3 4 5 6 7 8 10 11 | 11.4
Poison Magic   | 1 2 3 |  3.3
Spellcasting   | 2 3 4 |  4.0
Dodging        | 3 4 5 6 |  6.6
Fighting       | 2 3 5 6 |  6.9
Hexes          | 1 |  1.1
Stealth        | |  1.0

Action                     |  1- 3 |  4- 6 |  7- 9 | 10-12 || total
---------------------------+-------+-------+-------+-------++-------
  Melee: Unarmed           |    61 |    78 |    76 |    60 ||   275
         Punch             |       |       |     1 |     1 ||     2
  Throw: Throwing net      |       |     1 |     2 |     1 ||     4
         Dart              |       |       |     6 |    15 ||    21
   Cast: Magic Dart        |    61 |   120 |    41 |    33 ||   255
         Searing Ray       |     1 |    10 |    43 |    78 ||   132
         Poisonous Vapours |       |     9 |     6 |    42 ||    57
         Mephitic Cloud    |       |       |    15 |    29 ||    44
         Dazzling Flash    |       |       |     3 |     3 ||     6
         Fulminant Prism   |       |       |       |    13 ||    13
         Stone Arrow       |       |       |       |     3 ||     3
  Evoke: Wand              |       |       |     8 |    14 ||    22
    Use: Scroll            |     2 |     1 |     4 |    18 ||    25
         Potion            |       |     1 |       |    15 ||    16
   Stab: Confused          |       |       |     1 |     2 ||     3
         Invisible         |       |       |     1 |       ||     1
 Armour: Robe              |    21 |    29 |    23 |    11 ||    84
         Acid dragon scale |       |       |       |    30 ||    30
         Skin              |       |       |       |     6 ||     6
  Dodge: Dodged            |    34 |    54 |   112 |   146 ||   346

Table legend: (Time is in decaauts)
 A = Elapsed time spent in this place.
 B = Non-inter-level travel time spent in this place.
 C = Inter-level travel time spent in this place.
 D = Time resting spent in this place.
 E = Time spent auto-exploring this place.
 F = Levels seen in this place.
 G = Mean time per level.
                   A        B        C        D        E       F      G
               +--------+--------+--------+--------+--------+-----+--------+
         Total |  18671 |  17280 |   1391 |   6376 |   6321 |  13 | 1436.2 |
       Dungeon |  16057 |  14818 |   1239 |   5527 |   5582 |  10 | 1605.7 |
        Temple |     19 |     19 |      0 |      0 |      0 |   1 |   19.0 |
          Lair |   2594 |   2442 |    152 |    849 |    739 |   2 | 1297.0 |
               +--------+--------+--------+--------+--------+-----+--------+

Top non-repeatable levels by time:
    D:10: 2423 daAuts
  Lair:1: 2393 daAuts
     D:5: 1944 daAuts
     D:1: 1866 daAuts
     D:7: 1772 daAuts
     D:8: 1562 daAuts
     D:4: 1469 daAuts
     D:3: 1446 daAuts
     D:2: 1422 daAuts
     D:9: 1077 daAuts
     D:6: 1072 daAuts
  Lair:2: 200 daAuts
  Temple: 19 daAuts
